 Dungeon Crawl Stone Soup version 0.28-a0-957-g42eb19b844 (webtiles) character file.

Game seed: 18018948830254052339

180 Redcow54321 the Skirmisher (level 5, 0/57 HPs)
             Began as an Ogre Fighter on Nov 30, 2021.
             Was an Initiate of Nemelex Xobeh.
             Slain by a gnoll (6 damage)
             ... on level 3 of the Dungeon.
             The game lasted 00:05:01 (2478 turns).

Redcow54321 the Skirmisher (Ogre Fighter)           Turns: 2478, Time: 00:05:02

Health: 0/57       AC:  3    Str: 21 (22) XL:     5   Next: 60%
Magic:  0/5        EV:  8    Int:  9      God:    Nemelex Xobeh [......]
Gold:   68         SH:  7    Dex:  8      Spells: 4/4 levels left

rFire   . . .      SeeInvis .   a - +0 trident
rCold   . . .      Faith    .   c - +0 kite shield
rNeg    . . .      Spirit   +   b - +0 robe
rPois   .          Reflect  .   (helmet restricted)
rElec   .          Harm     .   (no cloak)
rCorr   .          Rampage  .   (gloves unavailable)
Will    .....                   (boots unavailable)
Stlth   +.........              g - amulet of guardian spirit
HPRegen 0.19/turn               (no ring)
MPRegen 0.09/turn               (no ring)

@: no status effects
A: large, unfitting armour, tough skin 1
a: Renounce Religion, Draw Escape, Draw Destruction, Draw Summoning


You were on level 3 of the Dungeon.
You worshipped Nemelex Xobeh.
Nemelex Xobeh was noncommittal.
You visited 1 branch of the dungeon, and saw 3 of its levels.

You collected 68 gold pieces.

Inventory:

Hand Weapons
 a - a +0 trident (weapon)
Armour
 b - a +0 robe (worn)
 c - a +0 kite shield (worn)
Jewellery
 g - an amulet of guardian spirit (around neck)
Scrolls
 h - a scroll of teleportation {unknown}
 j - 3 scrolls of vulnerability {unknown}
Potions
 d - a potion of might


   Skills:
 * Level 5.5 Fighting
 * Level 4.7 Polearms
 - Level 2.6 Dodging
 - Level 0.3 Stealth
 - Level 2.6 Shields


You had 4 spell levels left.
You didn't know any spells.
Your spell library contained the following spells:

 Spells                   Type           Power      Damage    Failure   Level
 Sublimation of Blood     Necr           0%         N/A       94%         2
 Wereblood                Tmut           0%         N/A       94%         2
 Summon Hydra             Summ           0%         N/A       100%        7


Dungeon Overview and Level Annotations

Branches:
Dungeon (3/15)

Altars:
Nemelex Xobeh


Innate Abilities, Weirdness & Mutations

You are too large for most types of armour.
You have tough skin. (AC +1)


Message History

You block the gnoll's attack.
The gnoll hits you with a +1 whip of holy wrath!
You barely miss the gnoll.
The gnoll is almost dead.
The gnoll hits you with a +1 whip of holy wrath.
You are too injured to fight recklessly!
You hit the gnoll.
You kill the gnoll!
You hit the gnoll.
The gnoll is lightly wounded.
A bat comes into view.
The gnoll hits you with a +0 club. x2
You closely miss the gnoll.
The gnoll is lightly wounded.
The gnoll barely misses you.
You closely miss the gnoll.
The gnoll is lightly wounded.
The gnoll barely misses you.
You barely miss the gnoll.
The gnoll is lightly wounded.
You block the gnoll's attack.
You hit the gnoll.
The gnoll is moderately wounded.
The gnoll hits you with a +0 club!
* * * LOW HITPOINT WARNING * * *
The gnoll hits you with a +0 club.
* * * LOW HITPOINT WARNING * * *
You barely miss the gnoll.
The gnoll is moderately wounded.
The gnoll hits you with a +0 club.
* * * LOW HITPOINT WARNING * * *
You closely miss the gnoll.
The gnoll is moderately wounded.
The gnoll hits you with a +0 club.
* * * LOW HITPOINT WARNING * * *
You hit the gnoll.
The gnoll is heavily wounded.
The gnoll hits you with a +0 club.
You die...
Your body disappears without a glow.

##.##.#
#....)....###.....###
##...#.######...#####.#
#.......#
................# #.#
##....#.#
.+########'..##.# #.#
##.#....
.#........#..##.# #.#
#.###.#
.#.+####+.#..##.# #.#
#.# #..
.#.#....#.#..##.. ...
... ###
.#.#.##.#.#..#######..##
##
.#.#.##.#.#.##..@gb.....
.#.#....#.#.##.#####..##
.#.'####'.#.##.#
.#..[.....#.##.#
.'########'....#
............####
#############


You could see a gnoll and a bat.

Vanquished Creatures
  A phantom (D:3)
  2 gnolls (D:3)
  5 adders
  A worm (D:3)
  A dart slug (D:3)
  4 ball pythons
  5 bats
  3 endoplasms
  A giant cockroach (D:2)
  6 goblins
  3 hobgoblins
  A quokka (D:1)
  2 frilled lizards
  5 kobolds
  4 rats
44 creatures vanquished.

Notes
Turn   | Place    | Note
-------+----------+-------------------------------------------
     0 | D:1      | Redcow54321 the Ogre Fighter began the quest for the Orb.
     0 | D:1      | Reached XP level 1. HP: 24/24 MP: 1/1
   177 | D:1      | Reached XP level 2. HP: 12/33 MP: 2/2
  1074 | D:2      | Reached XP level 3. HP: 41/41 MP: 3/3
  1148 | D:2      | Reached skill level 5 in Fighting
  1473 | D:2      | Reached XP level 4. HP: 19/50 MP: 1/4
  1917 | D:2      | Found a sparkling altar of Nemelex Xobeh.
  1929 | D:2      | Became a worshipper of Nemelex Xobeh the Trickster
  2085 | D:3      | Noticed a phantom
  2097 | D:3      | Killed a phantom
  2098 | D:3      | Reached XP level 5. HP: 30/57 MP: 3/5
  2478 | D:3      | Slain by a gnoll

Illustrated notes

Levels and vault maps discovered:
D:1:      onia_arrival_mini_maze_b, layout_loops_ring
D:2:      layout_rooms, basic_altar
D:3:      layout_loops_ring, basic_ecumenical_altar, minivault_11

Skill      XL: |  1  2  3  4 |
---------------+-------------+-----
Polearms       | 3 4 |  4.7
Fighting       | 5 |  5.5
Dodging        | |  2.6
Stealth        | |  0.3
Shields        | |  2.6

Action                   |  1- 3 |  4- 6 || total
-------------------------+-------+-------++-------
Melee: Trident           |   127 |    65 ||   192
  Use: Potion            |     4 |       ||     4
Armor: Robe              |    38 |    13 ||    51
       Skin              |    18 |       ||    18
Dodge: Dodged            |    43 |    12 ||    55
Block: Kite shield       |    50 |    19 ||    69

Table legend: (Time is in decaauts)
 A = Elapsed time spent in this place.
 B = Non-inter-level travel time spent in this place.
 C = Inter-level travel time spent in this place.
 D = Time resting spent in this place.
 E = Time spent auto-exploring this place.
 F = Levels seen in this place.
 G = Mean time per level.
                   A        B        C        D        E       F      G
               +--------+--------+--------+--------+--------+-----+--------+
         Total |   2545 |   2511 |     34 |    580 |   1529 |   3 |  848.3 |
       Dungeon |   2545 |   2511 |     34 |    580 |   1529 |   3 |  848.3 |
               +--------+--------+--------+--------+--------+-----+--------+

Top non-repeatable levels by time:
     D:1: 1016 daAuts
     D:2: 989 daAuts
     D:3: 539 daAuts
